 Dungeon Crawl Stone Soup version 0.19.5 (webtiles) character file.

191 IcyNumb the Slasher (level 5, -7/49 HPs)
             Began as a Deep Dwarf Fighter on May 20, 2017.
             Mangled by an ogre
             ... wielding a +0 giant spiked club
              (26 damage)
             ... on level 4 of the Dungeon.
             The game lasted 00:28:08 (2515 turns).

IcyNumb the Slasher (Deep Dwarf Fighter)            Turns: 2515, Time: 00:28:09

Health: -7/49      AC:  8    Str: 20    XL:     5   Next: 42%
Magic:  5/5        EV:  8    Int:  9    God:
Gold:   121        SH:  9    Dex: 12    Spells: 0 memorised, 4 levels left

rFire  . . .     SeeInvis .     a - +0 long sword
rCold  . . .     Gourm    .     k - +3 ring mail
rNeg   + . .     Faith    .     c - +0 shield
rPois  .         Spirit   .     (no helmet)
rElec  .         Reflect  .     (no cloak)
rCorr  .         Harm     .     (no gloves)
MR     .....                    s - +0 pair of boots
Stlth  +.........               (no amulet)
                                p - -2 ring of protection (curse)
                                h - ring of positive energy

@: non-regenerating
A: damage resistance, recharge devices, sense surroundings 1, slow regeneration
3
a: Device Recharging


You were on level 4 of the Dungeon.
You were hungry.

You visited 1 branch of the dungeon, and saw 4 of its levels.

You collected 121 gold pieces.

Inventory:

Hand Weapons
 a - a +0 long sword (weapon)
 y - a +1 short sword of freezing
Armour
 b - a +0 scale mail
 c - a +0 shield (worn)
 k - a +3 ring mail (worn)
 s - a +0 pair of boots (worn)
Jewellery
 h - a ring of positive energy (left hand)
 p - a cursed -2 ring of protection (right hand)
 w - an uncursed ring of flight
 A - an uncursed amulet of rage {unknown}
Wands
 e - a wand of heal wounds (2/9)
Scrolls
 g - 3 scrolls of identify {unknown}
 i - 2 scrolls of fog {unknown}
 m - 4 scrolls of remove curse {unknown}
 r - a scroll of immolation {unknown}
 t - a scroll of recharging {unknown}
 u - 2 scrolls of noise {unknown}
 z - a scroll of teleportation {unknown}
Potions
 d - 3 potions of might
 l - a potion of mutation {unknown}
 n - 4 potions of brilliance {unknown}
 o - 2 potions of curing {unknown}
 q - a potion of resistance {unknown}
 v - a potion of invisibility {unknown}
 x - a potion of heal wounds {unknown}
Comestibles
 f - 2 bread rations
 j - 2 meat rations


   Skills:
 + Level 3.1 Fighting
 * Level 4.6 Long Blades
 + Level 3.7 Armour
 + Level 4.1 Shields


You had 4 spell levels left.
You didn't know any spells.

Dungeon Overview and Level Annotations

Branches:
Dungeon (4/15)
 Temple: D:4-7

Altars:
Qazlal
Trog


Innate Abilities, Weirdness & Mutations

You are resistant to damage.
You can recharge devices by infusing magical energy.
You passively map a small area around you.
You do not regenerate.


Message History

The ogre hits you with a giant spiked club!
You hit the ogre.
The ogre is moderately wounded.
You hit the ogre but do no damage.
The ogre is moderately wounded.
The ogre hits you with a giant spiked club!
You barely miss the ogre.
The ogre is moderately wounded.
You block the ogre's attack.
You hit the ogre.
The ogre is heavily wounded.
You block the ogre's attack.
You hit the ogre.
The ogre is heavily wounded.
You block the ogre's attack.
You closely miss the ogre.
The ogre is heavily wounded.
The ogre hits you with a giant spiked club!!
Ouch! That really hurt!
You die...

, ** * ,, * #.# , *
* #### #.# #. , ..#
#.#* ,, , , #.# #.#
#.## * ,
#.#.##.####.. , **
#.#.......#.# ,# *
, *
#.####.##.#.##.# *
* *
#.####.##......# *
#
##...O@.####.####,*
##.##[..##### #.#
*, * ........# #..
,, , ...##..l####
#### * , ##
#......# * #O.###.#
#..#* # , #....l.#
#.#.##.#


You could see an ogre.

Vanquished Creatures
  An orc wizard (D:3)
  An iguana (D:4)
  A hound skeleton (D:3)
  3 adders
  3 river rats (D:3)
  An ooze (D:1)
  2 adder zombies (D:3)
  2 worms
  4 orcs (D:3)
  2 ball pythons (D:3)
  2 giant cockroaches (D:3)
  6 goblins
  4 hobgoblins
  3 jackals (D:3)
  6 bats
  3 frilled lizards
  A giant cockroach zombie (D:3)
  8 kobolds
  A leopard gecko skeleton (D:3)
  6 rats
60 creatures vanquished.

Notes
Turn   | Place    | Note
-------+----------+-------------------------------------------
     0 | D:1      | IcyNumb the Deep Dwarf Fighter began the quest for the Orb.
     0 | D:1      | Reached XP level 1. HP: 20/20 MP: 1/1
   116 | D:1      | Reached XP level 2. HP: 27/27 MP: 2/2
   817 | D:2      | Found a bloodstained altar of Trog.
   895 | D:2      | Reached XP level 3. HP: 24/33 MP: 3/3
  1477 | D:3      | Found a stormy altar of Qazlal.
  1515 | D:3      | Reached XP level 4. HP: 40/40 MP: 4/4
  2075 | D:3      | Reached XP level 5. HP: 34/49 MP: 5/5
  2489 | D:4      | Noticed an ogre
  2515 | D:4      | Mangled by an ogre

Skill      XL: |  1  2  3  4 |
---------------+-------------+-----
Long Blades    | 3 4 |  4.6
Shields        | 4 |  4.1
Fighting       | 3 |  3.1
Armour         | |  3.7

Action                   |  1- 3 |  4- 6 || total
-------------------------+-------+-------++-------
Melee: Long sword        |    99 |   124 ||   223
Evoke: Wand              |     1 |     2 ||     3
  Eat: Meat ration       |     1 |       ||     1
Armor: Scale mail        |    10 |       ||    10
       Ring mail         |    22 |    46 ||    68
Dodge: Dodged            |    21 |    33 ||    54
Block: Shield            |    51 |    46 ||    97
       Rpst.: Long sword |     5 |     8 ||    13
